 Dungeon Crawl Stone Soup version 0.28.0-43-g3370ac3207 (webtiles) character file.

Game seed: 2790548340769770222

1157 issech the Cudgeller (level 8, -4/78 HPs)
             Began as a Troll Monk on Mar 8, 2022.
             Killed from afar by a steam dragon (17 damage)
             ... with a ball of steam
             ... on level 7 of the Dungeon.
             The game lasted 00:19:14 (5560 turns).

issech the Cudgeller (Troll Monk)                   Turns: 5560, Time: 00:19:15

Health: -4/78      AC:  7    Str: 20    XL:     8   Next: 16%
Magic:  0/7        EV: 15    Int:  6    God:
Gold:   342        SH:  0    Dex: 14    Spells: 7/7 levels left

rFire   . . .      SeeInvis +   P - +6 dagger "Kimoask" {venom, SInv}
rCold   . . .      Faith    .   (no shield)
rNeg    . . .      Spirit   +   b - +0 robe
rPois   .          Reflect  .   A - +2 hat
rElec   .          Harm     .   h - +0 cloak
rCorr   .          Rampage  .   (gloves unavailable)
Will    .....                   (boots unavailable)
Stlth   +.........              t - amulet of guardian spirit
HPRegen 1.03/turn               v - +4 ring of evasion
MPRegen 0.10/turn               (no ring)

@: lit by a corona, glowing
A: large, unfitting armour, claws 3, regeneration 1, shaggy fur 1, tough skin 1
a: no special abilities


You were on level 7 of the Dungeon.
You visited 2 branches of the dungeon, and saw 8 of its levels.
You also visited: Ossuary.

You collected 342 gold pieces.

Inventory:

Hand Weapons
 a - a +0 mace
 i - a +3 short sword
 n - a +0 flail
 u - a +0 hunting sling
 y - a +2 hand axe of electrocution
 B - a +0 great mace
 F - a +1 short sword of electrocution
 O - a +0 scimitar
 P - the +6 dagger "Kimoask" (weapon) {venom, SInv}
   (You found it on level 6 of the Dungeon)

   It poisons the flesh of those it strikes.
   SInv:      It lets you see invisible.
 Q - a +0 shortbow
Missiles
 e - 64 bolts
 f - 184 stones (quivered)
 k - 66 arrows
 l - 67 sling bullets
 m - 14 poisoned darts
 z - 2 silver javelins
 G - 2 curare-tipped darts
Armour
 b - a +0 robe (worn)
 h - a +0 cloak (worn)
 A - a +2 hat (worn)
Jewellery
 g - an amulet of faith
 t - an amulet of guardian spirit (around neck)
 v - a +4 ring of evasion (left claw)
Wands
 w - a wand of polymorph (11)
 D - a wand of iceblast (13)
 H - a wand of flame (5)
 N - a wand of acid (8)
Scrolls
 d - a scroll of noise
 p - a scroll of enchant armour
 q - 5 scrolls of fog
 s - a scroll of enchant weapon
 x - 4 scrolls of amnesia
 E - 3 scrolls of vulnerability
 J - a scroll of teleportation
 K - a scroll of identify
 L - 3 scrolls of blinking
Potions
 c - 2 potions of cancellation {unknown}
 j - a potion of heal wounds {unknown}
 o - a potion of might {unknown}
 r - 3 potions of curing
 C - 5 potions of mutation {unknown}
 I - a potion of magic {unknown}
 M - a potion of attraction {unknown}


   Skills:
 + Level 4.0 Fighting
 + Level 0.2 Short Blades
 + Level 7.3 Maces & Flails
 + Level 4.2 Dodging
 + Level 1.7 Stealth


You had 7 spell levels left.
You didn't know any spells.
Your spell library contained the following spells:

 Spells                   Type           Power      Damage    Failure   Level
 Sting                    Tmut/Pois      0%         1d3       45%         1
 Blink                    Tloc           0%         N/A       58%         2
 Poisonous Vapours        Pois/Air       0%         N/A       58%         2
 Confusing Touch          Hex            0%         N/A       83%         3
 Conjure Flame            Conj/Fire      0%         6-21      83%         3
 Ignite Poison            Fire/Tmut/Pois 0%         N/A       83%         3
 Lesser Beckoning         Tloc           0%         N/A       83%         3
 Olgreb's Toxic Radiance  Pois           0%         N/A       99%         4
 Sticky Flame             Conj/Fire      0%         2d3       99%         4
 Manifold Assault         Tloc           0%         N/A       100%        5
 Yara's Violent Unravell  Hex/Tmut       0%         3d3       100%        5
 Enfeeble                 Hex            0%         N/A       100%        7


Dungeon Overview and Level Annotations

Branches:
Dungeon (7/15)             Temple (1/1) D:6         Ossuary (visited)

Altars:
Ashenzari
Cheibriados
Dithmenos
Elyvilon
Fedhas
Gozag
Kikubaaqudgha
Makhleb
Nemelex Xobeh
Qazlal
Ru
Sif Muna
Trog
Uskayaw
Vehumet
Wu Jian
Xom
Yredelemnul
The Shining One

Shops:
D:6 *


Innate Abilities, Weirdness & Mutations

You are too large for most types of armour.
You have claws for hands.
Your natural rate of healing is unusually fast.
You are covered in fur. (AC +1)
You have tough skin. (AC +1)


Message History

Found a blue potion.
A gnoll shaman comes into view. It is wielding a +0 club.
Found a blue potion.
The steam dragon hisses angrily.
The gnoll shaman shouts!
The steam dragon breathes steam at you. The ball of steam hits you!
Found 12 gold pieces.
You are engulfed in a cloud of scalding steam.
The steam dragon bites you but does no damage.
The steam dragon misses you.
You hit the steam dragon.
The steam dragon is poisoned.
The steam dragon is lightly wounded.
You are engulfed in a cloud of scalding steam.
The gnoll shaman mumbles some strange prayers to its god against you.
You are outlined in light.
The steam dragon bites you. The steam dragon claws you.
You puncture the steam dragon!
The steam dragon looks as sick as possible!
The steam dragon is moderately wounded.
You are engulfed in a cloud of scalding steam.
The steam dragon breathes steam at you. The ball of steam misses you.
You hit the steam dragon.
The steam dragon looks as sick as possible!
The steam dragon is heavily wounded.
You are engulfed in a cloud of scalding steam.
The gnoll shaman hits you with a +0 club.
The steam dragon bites you. The steam dragon misses you.
You are engulfed in a cloud of scalding steam.
The gnoll shaman hits you with a +0 club.
You barely miss the steam dragon.
The steam dragon is severely wounded.
The gnoll shaman misses you.
You are engulfed in a cloud of scalding steam.
The steam dragon breathes steam at you. The ball of steam hits you!
* * * LOW HITPOINT WARNING * * *
The steam dragon breathes steam at you. The ball of steam hits you!!
You die...

.## ..## ..<# ..##
####### # .## ###.#.#.#.#
.#### ########..<......
.##..
........§#.#.#.#.###
.##.# #.....§§§.§D...!..#
.##.# #.####.##@#.#.#.#.#
.##.####.####.#..g......
..............##.#.#!#.#
#........####.#.........$
>....##..# #.##.#.#.#.#.#
##...##...........^.####
# #>..###.####.#####.
#...# #.# #.# #...# #.#
#.#


You could see a steam dragon (extremely poisoned, catching breath) and a gnoll
shaman.

Vanquished Creatures
  A water moccasin (D:6)
  An orc warrior (D:6)
  A sky beast (D:6)
  A centaur (D:7)
  A phantom (D:6)
  A centaur zombie (D:5)
  A jelly (D:4)
  2 hounds
  A centaur skeleton (D:5)
  3 orc priests
  2 bullfrog skeletons
  Natasha (thrice) (D:4)
  2 orc wizards
  2 iguanas
  A howler monkey zombie (D:6)
  4 mummies (Ossuary)
  6 adders
  A howler monkey skeleton (D:6)
  2 worms
  3 dart slugs
  15 orcs
  3 endoplasms
  4 giant cockroaches
  9 goblins
  5 hobgoblins
  3 jackals (D:3)
  5 quokkas
  6 ball pythons
  5 bats
  2 frilled lizards (D:1)
  A gnoll zombie (Ossuary)
  2 goblin zombies (Ossuary)
  3 jackal zombies (Ossuary)
  12 kobolds
  2 orc zombies (Ossuary)
  A quokka skeleton (D:4)
  8 rats
  4 rat zombies (Ossuary)
129 creatures vanquished.

Notes
Turn   | Place    | Note
-------+----------+-------------------------------------------
     0 | D:1      | issech the Troll Monk began the quest for the Orb.
     0 | D:1      | Reached XP level 1. HP: 22/22 MP: 0/0
    70 | D:1      | Reached skill level 3 in Maces & Flails
   151 | D:1      | Reached XP level 2. HP: 29/29 MP: 1/1
   210 | D:1      | Found a faded altar of an unknown god.
   831 | D:1      | Reached XP level 3. HP: 36/36 MP: 2/2
  1380 | D:2      | Identified the +5 leather armour of the Unbroken {Harm
                  | Will++}
  1722 | D:3      | Reached XP level 4. HP: 43/44 MP: 3/3
  2522 | D:4      | Reached skill level 4 in Maces & Flails
  2522 | D:4      | Reached XP level 5. HP: 51/52 MP: 4/4
  2600 | D:4      | Noticed Natasha
  2608 | D:4      | Killed Natasha
  2679 | D:4      | Noticed Natasha
  2688 | D:4      | Killed Natasha
  2726 | D:4      | Found an ornate altar of the Wu Jian Council.
  2726 | D:4      | Found a shimmering blue altar of Sif Muna.
  2863 | D:4      | Noticed Natasha
  2877 | D:4      | Killed Natasha
  2878 | D:4      | Reached XP level 6. HP: 55/61 MP: 2/5
  3083 | D:5      | Entered Level 5 of the Dungeon
  3509 | D:5      | Reached skill level 5 in Maces & Flails
  3864 | D:6      | Found a staircase to the Ecumenical Temple.
  3867 | Temple   | Entered the Ecumenical Temple
  4136 | D:6      | Noticed a sky beast
  4145 | D:6      | Killed a sky beast
  4146 | D:6      | Reached XP level 7. HP: 57/67 MP: 4/6
  4274 | D:6      | Found a sand-covered staircase.
  4304 | D:6      | Reached skill level 6 in Maces & Flails
  4392 | Ossuary  | Entered an ossuary
  4845 | D:6      | Found a bloodstained altar of Trog.
  4856 | D:6      | Found Qan Gown's Overcharged Wands.
  5110 | D:6      | Reached skill level 7 in Maces & Flails
  5330 | D:6      | Reached XP level 8. HP: 78/78 MP: 7/7
  5337 | D:6      | Identified the +6 dagger "Kimoask" {venom, SInv}
  5560 | D:7      | Killed from afar by a steam dragon

Illustrated notes

Levels and vault maps discovered:
D:1:      erik_arrival_cave_to_civilisation [erik_arrival_cave_to_hall],
          layout_loops_corners, chequers_ecumenical_altar_simple_redux
D:2:      layout_rooms
D:3:      layout_loops_ring, serial_park_tiny_1, kennysheep_another_room
D:4:      layout_rooms, jmf_multi_god_temple, kennysheep_generic_room_11,
          uniq_natasha
D:5:      layout_gridville
D:6:      layout_gridville, overflow_temple_1_default, temple_fountains,
          nicolae_ossuary_entry_plus, nicolae_shop_overcharged_wands
D:7:      layout_loops_ring, serial_shops, shop, st_stairs_9,
          chequers_serial_rivers_micro_e
Temple:   eino_temple_scatter_basement

Skill      XL: |  1  2  3  4  5  6  7  8 |
---------------+-------------------------+-----
Maces & Flails | 3 4 5 7 |  7.3
Dodging        | 3 4 |  4.2
Fighting       | 3 4 |  4.0
Short Blades   | |  0.2
Stealth        | |  1.7

Action                   |  1- 3 |  4- 6 |  7- 9 || total
-------------------------+-------+-------+-------++-------
Melee: Mace              |    88 |       |       ||    88
       Punch             |     2 |     2 |     1 ||     5
       Flail             |    51 |   198 |    32 ||   281
       Great mace        |       |       |    81 ||    81
       Dagger            |       |       |    21 ||    21
Throw: Stone             |       |       |     3 ||     3
  Use: Scroll            |     2 |     4 |     2 ||     8
 Stab: Sleeping          |     6 |     3 |       ||     9
Armor: Robe              |    69 |    78 |    48 ||   195
Dodge: Dodged            |    99 |   187 |   140 ||   426
